 Dungeon Crawl Stone Soup version 0.31-a0-627-gd65175cf8b (webtiles) character file.

Game seed: 3836296402917497151

8134 Ijustatesigmund the Fighter (level 11, 0/74 HPs)
             Began as a Gargoyle Fighter on Aug 25, 2023.
             Was a Follower of Cheibriados.
             Slain by a sun demon (9 damage)
             ... summoned by a kobold demonologist
             ... on level 10 of the Dungeon.
             The game lasted 00:18:19 (9078 turns).

Ijustatesigmund the Fighter (Gargoyle Fighter)      Turns: 9078, Time: 00:18:20

Health: 0/74       AC: 20    Str: 28    XL:     11   Next: 26%
Magic:  15/15      EV: 11    Int: 16    God:    Cheibriados [*.....]
Gold:   467        SH: 10    Dex: 10    Spells: 16/16 levels left

rFire   + . .        k - +12 falchion of Victory {flame, Str+2 Int+3}
rCold   . . .        c - +1 kite shield
rNeg    + . .        b - +2 steam dragon scales
rPois   ∞            (no helmet)
rElec   +            H - +0 cloak
rCorr   .            A - +0 pair of gloves
SInv    .            t - +0 pair of boots
Will    .....        (no amulet)
Stlth   +            x - ring of flight
HPRegen 0.32/turn    J - ring of protection from fire
MPRegen 0.14/turn

%: no passive effects
@: flying, very slow
A: sickness immunity, AC +8, negative energy resistance 1, electricity
resistance, torment resistance 1, petrification resistance, clumsy 1
a: Renounce Religion, Bend Time


You were on level 10 of the Dungeon.
You worshipped Cheibriados.
Cheibriados was aware of your devotion.
You visited 2 branches of the dungeon, and saw 11 of its levels.

You collected 593 gold pieces.
You spent 126 gold pieces at shops.

Inventory:

Hand Weapons
 a - a +2 flail of venom
 g - a +1 flail of protection
 k - the +12 falchion of Victory (weapon) {flame, Str+2 Int+3}
   (You found it on level 2 of the Dungeon)

   Str+2:     It affects your strength (+2).
   Int+3:     It affects your intelligence (+3).
Missiles
 w - 6 throwing nets
Armour
 b - +2 steam dragon scales (worn)
 c - a +1 kite shield (worn)
 t - a +0 pair of boots (worn)
 A - a +0 pair of gloves (worn)
 H - a +0 cloak (worn)
Jewellery
 o - an amulet of faith
 v - a ring of magical power
 x - a ring of flight (left hand)
 J - a ring of protection from fire (right hand)
Wands
 i - a wand of iceblast (21)
 p - a wand of charming (5)
 y - a wand of mindburst (8)
 G - a wand of flame (19)
Scrolls
 e - 2 scrolls of identify
 h - 2 scrolls of brand weapon
 j - a scroll of fear
 q - a scroll of teleportation
 r - a scroll of poison
 s - a scroll of vulnerability
 B - 2 scrolls of revelation
 F - a scroll of fog
 I - a scroll of amnesia
Potions
 d - 2 potions of might
 f - 3 potions of mutation
 l - a potion of cancellation
 m - 6 potions of heal wounds
 n - 4 potions of curing
 u - a potion of attraction {unknown}
 z - a potion of lignification
 C - a potion of haste
 D - 2 potions of brilliance {unknown}
 E - 2 potions of ambrosia


   Skills:
 + Level 11.4 Fighting
 - Level 4.0 Long Blades
 + Level 7.0 Maces & Flails
 - Level 5.9 Armour
 - Level 3.3 Dodging
 - Level 7.4 Shields
 - Level 3.1 Spellcasting
 + Level 2.3 Invocations
 - Level 5.0 Evocations


You had 16 spell levels left.
You didn't know any spells.
Your spell library contained the following spells:

 Spells                   Type           Power      Damage    Failure   Level
 Freeze                   Ice            8%         1d3       32%         1
 Summon Small Mammal      Summ           8%         N/A       32%         1
 Call Canine Familiar     Summ           2%         N/A       67%         3
 Frozen Ramparts          Ice            4%         1d1       67%         3
 Hailstorm                Conj/Ice       2%         3d3       67%         3
 Inner Flame              Hex/Fire       2%         N/A       67%         3
 Ozocubu's Armour         Ice            2%         N/A       67%         3
 Summon Guardian Golem    Hex/Summ       2%         N/A       67%         3
 Flame Wave               Conj/Fire      2%         2d4       97%         4
 Sticky Flame             Conj/Fire      2%         2d3       97%         4
 Ozocubu's Refrigeration  Ice            1%         4d7       100%        7


Dungeon Overview and Level Annotations

Branches:
Dungeon (10/15)            Temple (1/1) D:6            Lair (0/5) D:8
    Orc (0/2) D:9

Altars:
Ashenzari
Cheibriados
Dithmenos
Elyvilon
Fedhas
Gozag
Hepliaklqana
Kikubaaqudgha
Makhleb
Nemelex Xobeh
Okawaru
Qazlal
Ru
Sif Muna
Trog
Uskayaw
Vehumet
Wu Jian
Xom
Yredelemnul
Zin
The Shining One

Shops:
D:2 !   D:5 *   D:6 (   D:7 [   D:8 !


Innate Abilities, Weirdness & Mutations

You are immune to sickness and miasma.
Your stone body is resilient. (AC +8)
You are immune to poison.
You resist negative energy. (rN+)
You are resistant to electric shocks. (rElec)
You are resistant to unholy torment.
You are immune to petrification.
You are clumsy. (Dex -2)


Message History

You block the ufetubus's attack.
The ufetubus hits you but does no damage.
The kobold demonologist closely misses you.
The quasit misses you.
The quasit claws you but does no damage. x2
You block the sun demon's attack.
You fail to use your ability.
The quasit bites you but does no damage.
The quasit barely misses you. You block the quasit's attack.
The sun demon hits you!!
You are engulfed in flames.
You resist.
The kobold demonologist hits you but does no damage.
You block the quasit's attack.
The quasit claws you but does no damage.
The quasit closely misses you.
You hit the kobold demonologist but do no damage.
The kobold demonologist is heavily wounded.
The sun demon hits you!
You are engulfed in flames!
You resist.
You block the kobold demonologist's attack.
The neqoxec gestures at you.
Strange energies course through your body.
You feel clumsy.
The quasit bites you but does no damage.
You block the quasit's attack.
The quasit claws you but does no damage.
You block the sun demon's attack.
You slash the kobold demonologist! You burn the kobold demonologist.
The kobold demonologist is severely wounded.
The kobold demonologist hits you but does no damage.
You block the quasit's attack. The quasit closely misses you.
The quasit claws you but does no damage.
The neqoxec hits you. You block the sun demon's attack.
You block the quasit's attack. The quasit claws you.
The quasit closely misses you.
The kobold demonologist barely misses you.
You hit the kobold demonologist. You burn the kobold demonologist.
The kobold demonologist is almost dead.
The sun demon hits you!!
* * * LOW HITPOINT WARNING * * *
You are engulfed in flames!
You resist.
You die...

..............########......#
..............#......#.......
........).....#......#...####
..............#......#...#
........######......#...#
........#...........#...#
........#.#########)#...#
........#.#53.....#)#...#
#.#@K5....#.#...####
#.'.3.....#.##......
#.#.......#..#..)...
#.#########..#.)..>.
#............#......
#............#......
##########'###......
.................
.................


You could see a sun demon (summoned), a kobold demonologist, a neqoxec
(summoned), a quasit (summoned) and an ufetubus (summoned).

Vanquished Creatures
  3 two-headed ogres
  Pikel (D:9)
  2 kobold demonologists (D:10)
  Maggie (D:9)
  7 yaks
  A steam dragon (D:8)
  2 wargs (D:8)
  A water moccasin (D:6)
  Duvessa (D:7)
  A sky beast (D:8)
  2 black bears
  3 orc warriors
  2 ice beasts
  2 ogres
  A wolf (D:9)
  2 centaurs
  4 phantoms
  4 kobold brigands
  2 scorpions (D:5)
  3 gnoll sergeants (D:9)
  2 bullfrogs
  9 killer bees
  3 howler monkeys (D:10)
  3 orc priests
  Crazy Yiuf (D:7)
  2 sleepcaps
  2 gnoll boudas
  5 hounds
  2 iguanas
  4 orc wizards
  Natasha (thrice) (D:4)
  A mummy (D:7)
  4 adders (D:2)
  15 gnolls
  2 shadow imps
  3 ufetubi
  A worm (D:2)
  3 dart slugs
  49 orcs
  8 bats
  4 endoplasms
  3 giant cockroaches (D:2)
  11 goblins
  5 hobgoblins
  9 jackals
  7 quokkas
  5 ball pythons
  6 frilled lizards
  20 kobolds
  A kobold zombie (D:7)
  3 orc zombies (D:7)
  2 rats
243 creatures vanquished.

Vanquished Creatures (collateral kills)
  Dowan (D:7)
  A gnoll (D:9)
2 creatures vanquished.

Vanquished Creatures (others)
  A gnoll (D:9)
1 creature vanquished.

Grand Total: 246 creatures vanquished

Notes
Turn   | Place    | Note
-------+----------+-------------------------------------------
     0 | D:1      | Ijustatesigmund the Gargoyle Fighter began the quest for
                  | the Orb.
     0 | D:1      | Reached XP level 1. HP: 14/14 MP: 1/1
    81 | D:1      | Reached XP level 2. HP: 19/19 MP: 2/2
   296 | D:1      | Reached XP level 3. HP: 24/24 MP: 3/3
   308 | D:1      | Reached skill level 4 in Fighting
   881 | D:2      | Found a faded altar of an unknown god.
   884 | D:2      | Identified the +12 falchion of Victory {flame, Str+2 Int+3}
   908 | D:2      | Reached XP level 4. HP: 30/30 MP: 4/4
  1275 | D:2      | Found Niruuwuq's Distillery.
  1279 | D:2      | Bought a potion of heal wounds for 50 gold pieces
  1279 | D:2      | Bought a potion of curing for 30 gold pieces
  1389 | D:2      | You fall into a shaft and drop 2 floors!
  1418 | D:4      | Reached XP level 5. HP: 34/34 MP: 5/5
  1431 | D:5      | Entered Level 5 of the Dungeon
  1434 | D:5      | Reached skill level 5 in Fighting
  1856 | D:5      | Reached XP level 6. HP: 28/40 MP: 6/6
  1931 | D:4      | Noticed an ice beast
  1938 | D:4      | Killed an ice beast
  2105 | D:4      | Found an ancient bone altar of Kikubaaqudgha.
  2115 | D:4      | Noticed Natasha
  2120 | D:4      | Killed Natasha
  2121 | D:4      | Reached skill level 6 in Fighting
  2869 | D:4      | Reached skill level 5 in Maces & Flails
  2973 | D:4      | Reached skill level 1 in Evocations
  2973 | D:4      | Reached XP level 7. HP: 41/46 MP: 7/7
  3018 | D:4      | Noticed Natasha
  3028 | D:4      | Killed Natasha
  3189 | D:4      | Noticed Natasha
  3200 | D:4      | Killed Natasha
  3451 | D:5      | Found an ornate altar of the Wu Jian Council.
  3631 | D:5      | Reached XP level 8. HP: 50/52 MP: 8/8
  3634 | D:5      | Reached skill level 5 in Armour
  3929 | D:5      | Reached skill level 7 in Fighting
  3950 | D:5      | Found Venif's Assorted Antiques.
  3960 | D:5      | Bought a scroll labelled QACO JULUECAT for 23 gold pieces
  3960 | D:5      | Bought a scroll labelled WUBLIN NIYREE for 23 gold pieces
  4474 | D:6      | Found a staircase to the Ecumenical Temple.
  4485 | Temple   | Entered the Ecumenical Temple
  4510 | D:6      | Found Efash's Antique Weapon Shop.
  4726 | D:6      | Found a stormy altar of Qazlal.
  5160 | D:7      | Reached skill level 1 in Long Blades
  5347 | D:7      | Reached XP level 9. HP: 48/57 MP: 9/9
  5489 | D:7      | Noticed Duvessa
  5489 | D:7      | Noticed Dowan
  5493 | D:7      | Killed Dowan
  5503 | D:7      | Killed Duvessa
  5579 | D:7      | Found a runed translucent door.
  5580 | D:7      | Noticed Crazy Yiuf
  5587 | D:7      | Killed Crazy Yiuf
  5694 | D:7      | Found a sacrificial altar of Ru.
  5781 | D:7      | Found Earendil's Dragon-Slaying Spoils.
  5850 | D:7      | Reached skill level 1 in Dodging
  6052 | D:8      | Reached skill level 8 in Fighting
  6259 | D:8      | Found Seumia's Distillery.
  6298 | D:8      | Found a staircase to the Lair.
  6338 | D:8      | Reached skill level 9 in Fighting
  6548 | D:8      | Found a basalt altar of Yredelemnul.
  6892 | D:8      | Found a shadowy altar of Dithmenos.
  6947 | D:8      | Found a sparkling altar of Nemelex Xobeh.
  7335 | D:9      | Reached XP level 10. HP: 59/66 MP: 10/10
  7399 | D:9      | Reached skill level 5 in Shields
  7532 | D:9      | Noticed Maggie
  7573 | D:9      | Killed Maggie
  7574 | D:9      | Reached skill level 10 in Fighting
  7691 | D:9      | Found a snail-covered altar of Cheibriados.
  7696 | D:9      | Found a bloodstained altar of Trog.
  7721 | D:9      | Became a worshipper of Cheibriados the Contemplative
  7958 | D:9      | Noticed a two-headed ogre
  7966 | D:9      | Killed a two-headed ogre
  7967 | D:9      | Reached skill level 1 in Spellcasting
  8082 | D:9      | Noticed Pikel
  8096 | D:9      | Killed Pikel
  8163 | D:9      | Identified the +0 long sword of the Past {flame, rPois rF+}
  8203 | D:9      | Reached * piety under Cheibriados
  8297 | D:9      | Found a staircase to the Orcish Mines.
  8390 | D:10     | Entered Level 10 of the Dungeon
  8495 | D:10     | Noticed a two-headed ogre
  8508 | D:10     | Killed a two-headed ogre
  8509 | D:10     | Reached skill level 11 in Fighting
  8509 | D:10     | Reached skill level 5 in Evocations
  8509 | D:10     | Reached XP level 11. HP: 30/74 MP: 13/15
  8532 | D:10     | Noticed a two-headed ogre
  8549 | D:10     | Killed a two-headed ogre
  8550 | D:10     | Reached skill level 1 in Invocations
  9071 | D:10     | Noticed a sun demon
  9076 | D:10     | Gained mutation: You are clumsy. (Dex -2) [a neqoxec]
  9078 | D:10     | Slain by a sun demon

Illustrated notes

Levels and vault maps discovered:
D:1:      heliophobic_arrival_enchanted_forest, layout_loops_ring,
          chequers_serial_rivers_small_3
D:2:      kennysheep_the_goblin_king, layout_basic, serial_shops,
          nicolae_shop_back_alley_shop, ebering_ecumenical_altar_sacrificial,
          minivault_5
D:3:      layout_rooms, minmay_misc_feat_tower
D:4:      layout_loops_cross, kiku_gazebo_garden_becter,
          minmay_misc_feat_more_columns, uniq_natasha
D:5:      layout_loops_ring, nicolae_wu_jian_wuxing_cycle, serial_shops,
          nicolae_shop_stone, kennysheep_generic_room_16
D:6:      layout_rooms, nicolae_qazlal_general_emergency,
          minmay_temple_entry_glass, serial_shops, shop
D:7:      layout_loops_corners, nicolae_ru_awakened_eye,
          nicolae_shop_dragon_depot, minmay_mini_ossuary,
          uniq_crazy_yiuf_cottage, uniq_duvessa
D:8:      layout_basic, mainiacjoe_overflow_concentric_impassable,
          mainiacjoe_overflow_catwalk_spiral, erik_lair_orcish_takeover,
          serial_shops, nicolae_shop_real_fake_doors, minivault_23
D:9:      layout_cave_pools, mainiacjoe_overflow_divided_tiny,
          hiddenorc1_lemuel, serial_gnoll_camp, gnoll_camp_medium_01,
          gnoll_camp_mini_house, gnoll_camp_mini_hut, gnoll_camp_mini_hut,
          uniq_pikel, uniq_maggie
D:10:     layout_irregular_city, nicolae_shop_firing_range, uniq_nergalle
Temple:   hellmonk_temple_forest_ring

Skill      XL: |  1  2  3  4  5  6  7  8  9 10 11 |
---------------+----------------------------------+-----
Fighting       | 4 5 6 7 9 11 | 11.4
Maces & Flails | 3 4 5 6 7 |  7.0
Armour         | 4 5 |  5.9
Evocations     | 1 2 3 5 |  5.0
Long Blades    | 2 4 |  4.0
Dodging        | 3 |  3.3
Shields        | 4 7 |  7.4
Spellcasting   | 3 |  3.1
Invocations    | 2 |  2.3

Action                     |  1- 3 |  4- 6 |  7- 9 | 10-12 || total
---------------------------+-------+-------+-------+-------++-------
  Melee: Flail             |   110 |       |       |       ||   110
         Falchion          |     5 |    95 |   289 |   183 ||   572
  Evoke: Wand              |       |     1 |     1 |     8 ||    10
    Use: Scroll            |       |     6 |    17 |     2 ||    25
         Potion            |       |       |     2 |     2 ||     4
   Stab: Invisible         |       |       |       |     3 ||     3
 Armour: Scale mail        |    71 |    18 |       |       ||    89
         Chain mail        |       |    35 |   198 |    68 ||   301
         Steam dragon scal |       |       |       |   100 ||   100
  Dodge: Dodged            |    74 |    44 |    97 |   152 ||   367
  Block: Buckler           |    24 |    31 |    57 |       ||   112
         Kite shield       |       |       |    25 |   171 ||   196

Table legend: (Time is in decaauts)
 A = Elapsed time spent in this place.
 B = Non-inter-level travel time spent in this place.
 C = Inter-level travel time spent in this place.
 D = Time resting spent in this place.
 E = Time spent auto-exploring this place.
 F = Levels seen in this place.
 G = Mean time per level.
                   A        B        C        D        E       F      G
               +--------+--------+--------+--------+--------+-----+--------+
         Total |   9529 |   9304 |    225 |   1283 |   6258 |  11 |  866.3 |
       Dungeon |   9527 |   9304 |    223 |   1283 |   6258 |  10 |  952.7 |
        Temple |      1 |      0 |      1 |      0 |      0 |   1 |    1.0 |
               +--------+--------+--------+--------+--------+-----+--------+

Top non-repeatable levels by time:
     D:5: 1596 daAuts
     D:9: 1426 daAuts
     D:7: 1236 daAuts
     D:8: 1098 daAuts
     D:2: 834 daAuts
     D:1: 811 daAuts
    D:10: 810 daAuts
     D:4: 728 daAuts
     D:3: 498 daAuts
     D:6: 486 daAuts
  Temple: 1 daAuts
